 Dungeon Crawl Stone Soup version 0.31-a0-544-gceb718ecc6 (webtiles) character file.

Game seed: 5814060555191790192

46 ytrimaz the Changeling (level 3, 0/26 HPs)
             Began as a Demonspawn Shapeshifter on Aug 16, 2023.
             Killed by divine providence
             ... invoked by an orc priest
              (12 damage)
             ... on level 3 of the Dungeon.
             The game lasted 00:01:35 (1695 turns).

ytrimaz the Changeling (Demonspawn Shapeshifter)    Turns: 1695, Time: 00:01:36

Health: 0/26       AC:  2    Str: 15    XL:     3   Next: 46%
Magic:  3/3        EV: 12    Int:  9    God:
Gold:   121        SH:  0    Dex: 15    Spells: 2/2 levels left

rFire   . .          .
                       - Unarmed
rCold   . . .        (no shield)
rNeg    . . .        a - +0 animal skin
rPois   .            (helmet currently unavailable)
rElec   .            l - melded +1 cloak of the Frog {rElec rPois}
rCorr   .            (gloves currently unavailable)
SInv    .            (boots currently unavailable)
Will    .....        (no amulet)
Stlth   +            (no ring)
HPRegen 0.24/turn    (no ring)
MPRegen 0.08/turn

%: no passive effects
@: beast-form
A: beast (slay +2), horns 2
a: Begin Untransformation


You were on level 3 of the Dungeon.
You were a hulking beast.
You visited 1 branch of the dungeon, and saw 3 of its levels.

You collected 121 gold pieces.


Innate Abilities, Weirdness & Mutations

You are a hulking beast.
Your limbs bulge with bestial killing power. (Slay +2)
You have a pair of horns on your head.


   Skills:
 - Level 1.0 Fighting
 - Level 1.7 Dodging
 + Level 2.8 Unarmed Combat
 * Level 3.7 Shapeshifting


You had 2 spell levels left.
You didn't know any spells.
Your spell library contained the following spells:

 Spells                   Type           Power      Damage    Failure   Level
 Blink                    Tloc           0%         N/A       52%         2
 Ensorcelled Hibernation  Hex/Ice        0%         N/A       52%         2
 Anguish                  Hex/Necr       0%         N/A       99%         4
 Manifold Assault         Tloc           0%         N/A       99%         4

Inventory:

Armour
 a - a +0 animal skin (worn)
 l - the +1 cloak of the Frog (melded) {rElec rPois}
   (You found it on level 2 of the Dungeon)

   rElec:     It insulates you from electricity.
   rPois:     It protects you from poison
Talismans
 c - a beast talisman (active)
 d - a flux talisman
Scrolls
 e - a scroll of teleportation {unknown}
 f - a scroll of revelation {unknown}
 h - a scroll of identify {unknown}
Potions
 b - a potion of lignification
 g - a potion of brilliance {unknown}
 i - a potion of attraction {unknown}
 j - a potion of degeneration {unknown}
 k - 3 potions of curing {unknown}
 m - 2 potions of heal wounds {unknown}

Dungeon Overview and Level Annotations

Branches:
Dungeon (3/15) Zot: 16308

Altars:

#########.#
#.........#
#.#########
#†# #.# #.#
#.# #.# #h#
#o# . #r#
... #o#
....# #.#
..r...###.#
......o...#
(....o#####
.....


You could see an orc priest, an orc and a rat.


Message History

No target in view!
You begin transforming.
You continue transforming. x3
Your transformation has ended.
You turn into something dangerously unstable. 😎 HP[-6]
You now have 19 max hp (-7).
You start putting on your armour.
You continue putting on the +1 cloak of the Frog {rElec rPois}. x4
You finish putting on the +1 cloak of the Frog {rElec rPois}.
You begin transforming.
You continue transforming. x3
Your transformation has ended.
You turn into a hulking beast.
The +1 cloak of the Frog {rElec rPois} melds into your body. 😎 HP[+7]
You now have 26 max hp (+7).
Your hp is fully restored (26).
Found an escape hatch in the floor.
There is an escape hatch in the floor here.
A rat comes into view.
A rat is nearby!
A rat is nearby!
A rat is nearby!
The rat misses you.
Unknown command.
You barely miss the rat. You headbutt the rat.
You kill the rat!
You see here a rat corpse.
No target in view!
A goblin comes into view. It is wielding a +0 dagger.
The goblin shouts!
Unknown command.
A goblin is nearby!
A goblin is nearby!
A goblin is nearby!
The goblin hits you with a +0 dagger. 😕 HP[-4]
You take 4 damage, and now have 22/26 hp.
You hit the goblin. The goblin hits you but does no damage.
Unknown command.
You barely miss the goblin. You headbutt the goblin.
You kill the goblin!
No target in view!
No target in view!
You see here a +0 dagger. 😕 HP[+1] Unknown command.
No target in view!
A hobgoblin comes into view. 😎 HP[+3]
Your hp is fully restored (26).
A hobgoblin is nearby!
A hobgoblin is nearby!
The hobgoblin shouts!
You barely miss the hobgoblin. The hobgoblin barely misses you.
You closely miss the hobgoblin. Your headbutt misses the hobgoblin.
The hobgoblin barely misses you.
Unknown command.
You closely miss the hobgoblin. The hobgoblin misses you.
You hit the hobgoblin.
You kill the hobgoblin!
You see here a hobgoblin corpse.
No target in view!
Unknown command.
No target in view!
As you open the door, it creaks loudly!
An orc and an orc priest come into view.
The orc priest shouts!
You hear a shout! x3; You hear an angry hiss.
An orc comes into view.
It is wielding a +0 falchion of electrocution.
A rat comes into view.
There are monsters nearby!
There are monsters nearby!
Unknown command.
Unknown command.
The orc priest calls down the wrath of Beogh upon you.
Beogh smites you! 😮 HP[-12]
You take 12 damage, and now have 14/26 hp.
MASSIVE DAMAGE!! (PAUSE) Unknown command.
You hit the orc. The orc barely misses you.
You barely miss the orc. Your headbutt misses the orc.
The orc barely misses you.
Unknown command.
You hit the orc.
You kill the orc!
The orc priest invokes the aid of Beogh against you.
You barely resist. 😮 HP[+1] Unknown command.
The orc priest hits you with a +0 short sword.
* * * LOW HITPOINT WARNING * * *
Things that are here:
a +0 war axe; an orc corpse; 😨 HP[-3]
You take 3 damage, and now have 12/26 hp.
Unknown command.
You hit the orc priest.
The orc priest hits you but does no damage.
You hit the orc priest.
The orc priest mumbles some strange prayers to Beogh against you.
Beogh smites you!
You die...

Skill      XL: |  1 |
---------------+----+-----
Shapeshifting  | 3 |  3.7
Fighting       | |  1.0
Dodging        | |  1.7
Unarmed Combat | |  2.8

Action                     || total
---------------------------++-------
  Melee: Unarmed           ||    93
         Punch             ||     3
         Headbutt          ||     9
   Stab: Sleeping          ||     1
 Armour: Animal skin       ||    10
  Dodge: Dodged            ||    64
   Form: Beast             ||     1
         Flux              ||     1

Levels and vault maps discovered:
D:1:      eino_arrival_cavern_a, layout_loops_ring, serial_forest,
          infiniplex_forest_lined_room_, infiniplex_forest_3_way,
          infiniplex_forest_lined_3, infiniplex_forest_corner_1,
          infiniplex_forest_end_2, infiniplex_forest_lined_corner, st_stairs_7,
          minmay_misc_feat_square
D:2:      layout_rooms, grunt_decor_junction, grunt_decor_clamped,
          minmay_distorted
D:3:      layout_basic, palyth_temple_overflow_mages,
          mainiacjoe_overflow_two_lobes, uniq_jessica, uniq_ijyb

Notes
Turn   | Place    | Note
-------+----------+-------------------------------------------
     0 | D:1      | ytrimaz the Demonspawn Shapeshifter began the quest for the
                  | Orb.
     0 | D:1      | Reached XP level 1. HP: 15/15 MP: 1/1
     0 | D:1      | magus.rc [v1.9.6]
   154 | D:1      | Reached skill level 3 in Shapeshifting
   274 | D:1      | Gained mutation: You have a pair of small horns on your
                  | head. [demonic ancestry]
   274 | D:1      | Reached XP level 2. HP: 21/21 MP: 2/2
  1015 | D:2      | Gained mutation: You have a pair of horns on your head.
                  | [demonic ancestry]
  1015 | D:2      | Reached XP level 3. HP: 23/26 MP: 3/3
  1073 | D:2      | You pick up a book of Dreams and begin reading...
  1073 | D:2      | You add the spells Ensorcelled Hibernation and Anguish to
                  | your library.
  1079 | D:2      | You add the spells Blink and Manifold Assault to your
                  | library.
  1207 | D:2      | Identified the +1 cloak of the Frog {rElec rPois}
  1695 | D:3      | Killed from afar by an orc priest

Vanquished Creatures
  An orc (D:3)
  3 bats
  5 endoplasms
  2 giant cockroaches
  3 goblins
  6 hobgoblins
  4 jackals (D:1)
  4 ball pythons (D:1)
  A frilled lizard (D:1)
  5 kobolds
  6 rats
40 creatures vanquished.

Table legend:
 A = Non-vault XP
 B = Vault XP
 C = Vault XP percentage of total XP
 D = Non-vault monster count
 E = Vault monster count
 F = Vault count percentage of total count
                 A         B        C        D         E       F
            +---------+---------+-------+---------+---------+-------
      Total |      66 |       1 |   1.5 |      39 |       1 |   2.5
            +---------+---------+-------+---------+---------+-------
        D:1 |      36 |       1 |   2.7 |      22 |       1 |   4.3
        D:2 |      21 |       0 |   0.0 |      12 |       0 |   0.0
        D:3 |       9 |       0 |   0.0 |       5 |       0 |   0.0
            +---------+---------+-------+---------+---------+-------

Skill      XL: |  1 |
---------------+----+-----
Shapeshifting  | 3 |  3.7
Fighting       | |  1.0
Dodging        | |  1.7
Unarmed Combat | |  2.8

Action                     || total
---------------------------++-------
  Melee: Unarmed           ||    93
         Punch             ||     3
         Headbutt          ||     9
   Stab: Sleeping          ||     1
 Armour: Animal skin       ||    10
  Dodge: Dodged            ||    64
   Form: Beast             ||     1
         Flux              ||     1

Illustrated notes

Table legend:
 A = Kills in this place as a percentage of kills in the entire game.
 B = Kills by you in this place as a percentage of kills by you in the entire game.
 C = Kills by friends in this place as a percentage of kills by friends in the entire game.
 D = Other kills in this place as a percentage of other kills in the entire game.
 E = Experience gained in this place as a percentage of experience gained in the entire game.
 F = Experience gained in this place divided by the number of levels of this place that you have seen.
                   A       B       C       D       E      F
               +-------+-------+-------+-------+-------+----------------------
         Total | 100.0 | 100.0 |   N/A |   N/A | 100.0 |  22.3
       Dungeon | 100.0 | 100.0 |   N/A |   N/A | 100.0 |  22.3
               +-------+-------+-------+-------+-------+----------------------

Table legend: (Time is in decaauts)
 A = Elapsed time spent in this place.
 B = Non-inter-level travel time spent in this place.
 C = Inter-level travel time spent in this place.
 D = Time resting spent in this place.
 E = Time spent auto-exploring this place.
 F = Levels seen in this place.
 G = Mean time per level.
                   A        B        C        D        E       F      G
               +--------+--------+--------+--------+--------+-----+--------+
         Total |   1690 |   1639 |     51 |      0 |   1335 |   3 |  563.3 |
       Dungeon |   1690 |   1639 |     51 |      0 |   1335 |   3 |  563.3 |
               +--------+--------+--------+--------+--------+-----+--------+

Top non-repeatable levels by time:
     D:1: 962 daAuts
     D:2: 616 daAuts
     D:3: 111 daAuts
